 Dungeon Crawl Stone Soup version 0.24-a0-516-g9de272bb65 (webtiles) character file.

Game seed: 18262034122886161054

16501 Azzok the Severer (level 12, -3/81 HPs)
             Began as a Formicid Fighter on July 21, 2019.
             Was a High Priest of Okawaru.
             Slain by a sun demon (17 damage)
             ... summoned by a kobold demonologist
             ... on level 12 of the Dungeon.
             The game lasted 00:23:17 (14138 turns).

Azzok the Severer (Formicid Fighter)               Turns: 14138, Time: 00:23:18

Health: -3/81      AC: 17    Str: 25    XL:     12   Next: 70%
Magic:  18/19      EV: 10    Int:  9    God:    Okawaru [*****.]
Gold:   932        SH: 13    Dex: 10    Spells: 11/11 levels left

rFire    . . .     SeeInvis +   b - +1 war axe
rCold    + . .     Gourm    .   c - +0 shield
rNeg     . . .     Faith    .   l - +2 chain mail {rC+}
rPois    .         Spirit   .   (helmet unavailable)
rElec    .         Reflect  .   i - +0 cloak
rCorr    +         Harm     .   s - +0 pair of gloves
MR       +....                  r - +0 pair of boots
Stlth    ..........             (no amulet)
HPRegen  0.23/turn              e - ring of resist corrosion
MPRegen  0.16/turn              (no ring)

@: heroism
A: permanent stasis, dig shafts and tunnels, four strong arms, antennae 3
a: Dig, Shaft Self, Heroism, Finesse, Renounce Religion


You were on level 12 of the Dungeon.
You worshipped Okawaru.
Okawaru was extremely pleased with you.
You were hungry.

You visited 2 branches of the dungeon, and saw 13 of its levels.
You also visited: Ossuary.

You collected 932 gold pieces.

Inventory:

Hand Weapons
 b - a +1 war axe (weapon)
 F - a +0 broad axe
 J - a +2 flail of protection
Missiles
 L - 3 throwing nets (quivered)
Armour
 c - a +0 shield (worn)
 i - a +0 cloak (worn)
 l - a +2 chain mail of cold resistance (worn)
 r - a +0 pair of boots (worn)
 s - a +0 pair of gloves (worn)
Jewellery
 e - a ring of resist corrosion (left hand)
 M - an uncursed ring of ice
Wands
 p - a wand of digging (8)
 q - a wand of acid (7)
 y - a wand of paralysis (8)
 A - a wand of scattershot (7)
 C - a wand of iceblast (19)
 G - a wand of polymorph (10)
Scrolls
 a - a scroll of summoning
 k - 3 scrolls of magic mapping {unknown}
 m - 3 scrolls of immolation {unknown}
 n - 2 scrolls of identify
 o - 13 scrolls of remove curse
 t - a scroll of enchant armour {unknown}
 u - a scroll of blinking {unknown}
 v - a scroll of vulnerability {unknown}
 x - 2 scrolls of enchant weapon {unknown}
 B - 3 scrolls of fear {unknown}
 H - 3 scrolls of fog {unknown}
Potions
 d - a potion of might
 h - 4 potions of lignification
 j - 6 potions of curing
 w - 2 potions of invisibility
 z - 4 potions of flight
 D - a potion of resistance
 E - a potion of mutation {!q}
 K - a potion of magic
 N - a potion of brilliance {unknown}
Comestibles
 f - 12 rations


   Skills:
 - Level 3.2(8.2) Fighting
 + Level 15.4(20.4) Axes
 - Level 3.2(8.2) Armour
 - Level 9.0(14.0) Shields
 - Level 10.0 Invocations
 + Level 4.6 Evocations


You had 11 spell levels left.
You didn't know any spells.
Your spell library contained the following spells:

 Spells                   Type           Power        Failure   Level  Hunger
 Animate Skeleton         Necr           N/A          91%         1    ##.....
 Apportation              Tloc           #.....       91%         1    ##.....
 Confusing Touch          Hex            #.....       91%         1    ##.....
 Summon Small Mammal      Summ           #...         91%         1    ##.....


Dungeon Overview and Level Annotations

Branches:
Dungeon (12/15)            Temple (1/1) D:6            Lair (0/6) D:8
    Orc: D:9-12

Altars:
Cheibriados
Makhleb
Okawaru
Ru
Sif Muna
Trog
Uskayaw
Vehumet
Yredelemnul
Zin

Shops:
D:4 }


Innate Abilities, Weirdness & Mutations

You cannot be hasted, slowed, berserked, paralysed or teleported.
You can dig through walls and to a lower floor.
Your four strong arms can wield two-handed weapons with a shield.
You have a pair of large antennae on your head. (SInv)


Message History

You kill the kobold demonologist!
Okawaru accepts your kill.
The hellwing disappears in a puff of smoke!
The ufetubus disappears in a puff of smoke!
You hit the cyclops.
The cyclops is lightly wounded.
You feel much better. The cyclops hits you!
The howler monkey hoots and howls with incredible vigour!
You hear a shout! x3; You hear a loud, deep croak!
You slash the cyclops!
The cyclops is moderately wounded.
You closely miss the sun demon.
You hear a shout!
You block the sun demon's attack.
You hit the cyclops.
The cyclops is moderately wounded.
You closely miss the sun demon. The sun demon hits you!
* * * LOW HITPOINT WARNING * * *
You are engulfed in flames!
You die...

▒▒▒▒▒▒▒▒▒▒▒·▒
···········▒
▒·········▒
▒·········▒▒▒▒▒▒
▒·····(·········
{{
▒···†·····▒▒▒▒▒▒ {
▒·········▒
▒·▒▒▒▒▒·········▒
{▒KKh3@C·········▒
{▒·▒▒▒▒▒·········▒
{ ▒·▒▒▒▒▒▒▒·▒ { {
▒·▒ ▒·▒ { ▒·▒ ▒·▒
▒·▒ ▒·▒
▒·▒▒▒▒▒▒▒·▒▒▒▒▒▒
>···············
·▒▒▒▒▒▒▒▒·····


You could see a sun demon, a cyclops, a kobold demonologist, a big kobold and a
howler monkey.

Vanquished Creatures
  A stone giant (D:9)
  An ice dragon (D:10)
  A hydra (D:9)
  A tengu warrior (D:10)
  A two-headed ogre (D:10)
  2 unseen horrors
  An orc knight (D:9)
  An ugly thing (D:11)
  A deep elf mage (D:9)
  A manticore (D:11)
  A centaur skeleton (D:11)
  An efreet (D:10)
  A kobold demonologist (D:12)
  4 trolls
  4 hippogriffs
  2 wraiths (Ossuary)
  A shadow (D:10)
  A wyvern (D:10)
  A vampire (D:12)
  9 yaks
  3 hungry ghosts
  A steam dragon (D:11)
  Duvessa (D:5)
  A black bear (D:6)
  5 ogres
  2 phantoms
  4 orc warriors
  A sky beast (D:8)
  4 centaurs
  A necrophage (D:10)
  A boggart (D:9)
  2 crocodiles
  A big kobold (D:5)
  8 bullfrogs
  Dowan (D:5)
  A wyvern zombie (D:8)
  A scorpion (D:11)
  3 killer bees (D:7)
  13 wights
  3 howler monkeys (D:10)
  A centaur zombie (D:7)
  7 crimson imps
  A quasit (D:10)
  9 hounds
  4 jellies
  6 orc priests
  14 orc wizards
  4 iguanas
  Natasha (thrice) (D:2)
  12 worker ants
  2 hound zombies
  A mummy (D:6)
  2 worker ant zombies
  7 gnolls (D:10)
  10 adders
  3 shadow imps
  An ooze (D:3)
  An adder skeleton (D:5)
  An adder zombie (D:7)
  4 worms
  7 dart slugs
  11 leopard geckos
  49 orcs
  4 giant cockroaches
  12 goblins
  10 hobgoblins
  2 jackals (D:1)
  8 kobolds
  10 quokkas
  2 ball pythons
  8 bats
  8 frilled lizards
  A hobgoblin skeleton (Ossuary)
  2 hobgoblin zombies (Ossuary)
  A jackal skeleton (D:7)
  2 kobold zombies (Ossuary)
  2 leopard gecko zombies
  2 orc skeletons (Ossuary)
  2 orc zombies (D:6)
  9 rats
338 creatures vanquished.

Vanquished Creatures (others)
  A plant (D:2)
1 creature vanquished.

Grand Total: 339 creatures vanquished

Notes
Turn   | Place    | Note
-------+----------+-------------------------------------------
     0 | D:1      | Azzok the Formicid Fighter began the quest for the Orb.
     0 | D:1      | Reached XP level 1. HP: 18/18 MP: 1/1
   206 | D:1      | Reached XP level 2. HP: 9/24 MP: 2/2
   660 | D:1      | Reached XP level 3. HP: 29/29 MP: 3/3
  1052 | D:2      | Noticed Natasha
  1179 | D:2      | Killed Natasha
  1179 | D:2      | Reached skill level 3 in Axes
  1179 | D:2      | Reached XP level 4. HP: 35/35 MP: 4/4
  1416 | D:2      | Reached skill level 5 in Shields
  1621 | D:2      | Reached XP level 5. HP: 32/41 MP: 5/5
  1623 | D:2      | Noticed Natasha
  1857 | D:2      | Killed Natasha
  1960 | D:2      | Noticed Natasha
  1986 | D:2      | Killed Natasha
  1986 | D:2      | Reached skill level 4 in Axes
  2618 | D:3      | Reached XP level 6. HP: 34/47 MP: 6/6
  4014 | D:4      | Noticed a phantom
  4029 | D:4      | Killed a phantom
  4029 | D:4      | Reached skill level 5 in Axes
  4029 | D:4      | Reached XP level 7. HP: 47/52 MP: 7/7
  4755 | D:4      | Found Saptales's Gadget Emporium.
  4911 | D:4      | Reached skill level 6 in Axes
  4976 | D:5      | Entered Level 5 of the Dungeon
  4990 | D:5      | Reached XP level 8. HP: 39/58 MP: 8/8
  5195 | D:5      | Noticed Duvessa
  5196 | D:5      | Noticed Dowan
  5222 | D:5      | Killed Duvessa
  5233 | D:5      | Killed Dowan
  5414 | D:5      | Found a snail-covered altar of Cheibriados.
  5582 | D:5      | Reached skill level 7 in Axes
  6022 | D:6      | Found a staircase to the Ecumenical Temple.
  6044 | Temple   | Entered the Ecumenical Temple
  6117 | Temple   | Became a worshipper of Warmaster Okawaru
  6207 | D:6      | Found a sand-covered staircase.
  6212 | D:6      | Reached skill level 1 in Invocations
  6233 | Ossuary  | Entered an ossuary
  6364 | Ossuary  | Noticed a flying skull
  6364 | Ossuary  | Noticed a wraith
  6370 | Ossuary  | Noticed a flying skull
  6381 | Ossuary  | Noticed a wraith
  6405 | Ossuary  | Killed a wraith
  6405 | Ossuary  | Reached XP level 9. HP: 64/64 MP: 9/11
  6437 | Ossuary  | Reached skill level 8 in Axes
  6483 | Ossuary  | Reached * piety under Okawaru
  6985 | D:7      | Noticed a hippogriff
  7000 | D:6      | Killed a hippogriff
  7000 | D:6      | Reached skill level 5 in Invocations
  7206 | D:7      | Reached skill level 9 in Axes
  7210 | D:7      | Reached ** piety under Okawaru
  7840 | D:7      | Reached XP level 10. HP: 46/70 MP: 15/15
  8350 | D:8      | Reached skill level 10 in Axes
  8627 | D:8      | Reached *** piety under Okawaru
  9166 | D:8      | Found a staircase to the Lair.
  9819 | D:8      | Reached skill level 11 in Axes
  9825 | D:8      | Reached **** piety under Okawaru
  9955 | D:9      | Reached skill level 10 in Invocations
 10152 | D:9      | Reached XP level 11. HP: 75/75 MP: 18/18
 10283 | D:9      | Noticed a deep elf mage
 10289 | D:9      | Killed a deep elf mage
 10706 | D:9      | Noticed a stone giant
 10707 | D:9      | Found a bloodstained altar of Trog.
 10707 | D:9      | Noticed an orc knight
 10717 | D:9      | Killed a stone giant
 10717 | D:9      | Reached ***** piety under Okawaru
 10717 | D:9      | Reached skill level 12 in Axes
 10728 | D:9      | Killed an orc knight
 10728 | D:9      | Received a gift from Okawaru
 10733 | D:9      | Found a radiant altar of Vehumet.
 10908 | D:9      | Noticed a seven-headed hydra
 10922 | D:9      | Killed a seven-headed hydra
 10922 | D:9      | Reached skill level 13 in Axes
 11072 | D:10     | Entered Level 10 of the Dungeon
 11137 | D:10     | Noticed a two-headed ogre
 11153 | D:10     | Killed a two-headed ogre
 11284 | D:10     | Noticed a tengu warrior
 11289 | D:10     | Noticed an unseen horror
 11306 | D:10     | Killed a tengu warrior
 11318 | D:10     | Killed an unseen horror
 11499 | D:10     | Reached skill level 14 in Axes
 11510 | D:10     | Noticed an ice dragon
 11525 | D:10     | Killed an ice dragon
 11525 | D:10     | Reached XP level 12. HP: 59/81 MP: 17/19
 11534 | D:10     | Received a gift from Okawaru
 11558 | D:10     | Got a pair of jewelled boots {god gift}
 11984 | D:10     | Identified the +0 pair of boots of Happiness {*Drain rN+
                  | Str+3} (Okawaru gifted it to you on level 10 of the
                  | Dungeon)
 12416 | D:11     | Reached skill level 15 in Axes
 12444 | D:11     | Reached skill level 1 in Evocations
 13678 | D:12     | Noticed an unseen horror
 13695 | D:12     | Killed an unseen horror
 14129 | D:12     | Noticed a sun demon
 14138 | D:12     | Slain by a sun demon

Levels and vault maps discovered:
D:1:      dpeg_arrival_tiny_k, layout_basic, serial_forest,
          infiniplex_forest_clump_large, infiniplex_forest_end_double,
          infiniplex_forest_clump_double, infiniplex_forest_lined_corner,
          infiniplex_forest_3_way, infiniplex_forest_straight_4
D:2:      layout_rooms, serial_bayou, serial_bayou_pond_b, serial_bayou_pond_c,
          serial_bayou_lagoon_a, serial_bayou_pond_c, serial_bayou_ford_a,
          uniq_natasha
D:3:      layout_loops_corners, first_ration
D:4:      layout_cave_pods, serial_shops, shop
D:5:      layout_rooms, kennysheep_slug_shrine, hangedman_decor_slide_cut,
          uniq_duvessa
D:6:      layout_loops_ring, minmay_temple_entry_stoned_glass,
          nicolae_ossuary_entry_giza
D:7:      layout_gridville, kennysheep_nondescript
D:8:      layout_loops_ring, lair_entry_dummy
D:9:      layout_loops_cross, jmf_multi_god_temple
D:10:     minmay_the_grid_net [minmay_the_grid_dragon_b,
          minmay_the_grid_small_cups, minmay_the_grid_minigrid_large,
          minmay_the_grid_box_x, minmay_the_grid_spikes,
          minmay_the_grid_prize_inner_circle], layout_stronghold
D:11:     layout_loops_cross
D:12:     layout_small_grid, david_orc_5, basic_altar
Temple:   roderic_octagonal_lattice_temple

Skill      XL: |  1  2  3  4  5  6  7  8  9 10 11 12 |
---------------+-------------------------------------+-----
Shields        | 4 5 6 7 9 |  9.0
Axes           | 3 4 5 6 7 9 11 14 15 | 15.4
Invocations    | 2 7 10 | 10.0
Evocations     | 4 |  4.6
Fighting       | |  3.2
Armour         | |  3.2

Action                   |  1- 3 |  4- 6 |  7- 9 | 10-12 || total
-------------------------+-------+-------+-------+-------++-------
Melee: War axe           |    97 |   286 |   428 |   687 ||  1498
       Flail             |       |       |       |     9 ||     9
Invok: Heroism           |       |       |       |    10 ||    10
  Use: Scroll            |       |       |     1 |    14 ||    15
       Potion            |       |       |       |     4 ||     4
  Eat: Chunk             |     1 |    10 |    13 |    18 ||    42
       Ration            |       |       |       |     2 ||     2
Armor: Scale mail        |    46 |   115 |    22 |       ||   183
       Chain mail        |       |       |   158 |   255 ||   413
Dodge: Dodged            |    47 |    91 |   117 |   187 ||   442
Block: Shield            |    68 |   180 |   230 |   347 ||   825

Table legend:
 A = Non-vault XP
 B = Vault XP
 C = Vault XP percentage of total XP
 D = Non-vault monster count
 E = Vault monster count
 F = Vault count percentage of total count
                 A         B        C        D         E       F
            +---------+---------+-------+---------+---------+-------
      Total |   16456 |    7117 |  30.2 |     295 |      43 |  12.7
            +---------+---------+-------+---------+---------+-------
        D:1 |      57 |       0 |   0.0 |      26 |       0 |   0.0
        D:2 |     128 |      62 |  32.6 |      27 |       6 |  18.2
        D:3 |     148 |       0 |   0.0 |      35 |       0 |   0.0
        D:4 |     575 |       0 |   0.0 |      22 |       0 |   0.0
        D:5 |     448 |     236 |  34.5 |      19 |       3 |  13.6
        D:6 |     685 |      20 |   2.8 |       9 |       3 |  25.0
        D:7 |    1165 |       0 |   0.0 |      32 |       0 |   0.0
        D:8 |    3183 |       0 |   0.0 |      46 |       0 |   0.0
        D:9 |    2404 |    2282 |  48.7 |      18 |       4 |  18.2
       D:10 |    2133 |    3920 |  64.8 |      24 |      15 |  38.5
       D:11 |    3593 |       0 |   0.0 |      21 |       0 |   0.0
       D:12 |    1937 |       0 |   0.0 |      16 |       0 |   0.0
    Ossuary |       0 |     597 | 100.0 |       0 |      12 | 100.0
            +---------+---------+-------+---------+---------+-------
